 Dungeon Crawl Stone Soup version 0.29.1-15-g9cfb28693d (webtiles) character file.

Game seed: 3056298110139764398

975 GigaChad the Chopper (level 7, -1/63 HPs)
             Began as a Minotaur Fighter on Mar 13, 2023.
             Slain by a troll (12 damage)
             ... on level 5 of the Dungeon.
             The game lasted 00:04:38 (4146 turns).

GigaChad the Chopper (Minotaur Fighter)             Turns: 4146, Time: 00:04:39

Health: -1/63      AC:  7    Str: 23    XL:     7   Next: 95%
Magic:  6/6        EV: 10    Int:  5    God:
Gold:   97         SH:  5    Dex:  9    Spells: 6/6 levels left

rFire   . . .      SeeInvis .   a - +0 war axe
rCold   . . .      Faith    .   c - +1 buckler
rNeg    . . .      Spirit   .   b - +0 scale mail
rPois   .          Reflect  .   (helmet restricted)
rElec   .          Harm     .   (no cloak)
rCorr   .          Rampage  .   (no gloves)
Will    .....                   (no boots)
Stlth   ..........              (no amulet)
HPRegen 0.20/turn               l - ring of flight
MPRegen 0.10/turn               (no ring)

@: flying
A: horns 2, retaliatory headbutt
a: no special abilities


You were on level 5 of the Dungeon.
You visited 1 branch of the dungeon, and saw 5 of its levels.

You collected 97 gold pieces.

Inventory:

Hand Weapons
 a - a +0 war axe (weapon)
 i - a +0 great sword
Missiles
 r - a throwing net (quivered)
Armour
 b - a +0 scale mail (worn)
 c - a +1 buckler (worn)
Jewellery
 l - a ring of flight (left hand)
Wands
 n - a wand of quicksilver (10)
Scrolls
 g - a scroll of immolation
 k - a scroll of blinking
 p - a scroll of fog
 q - a scroll of identify
 t - a scroll of teleportation
Potions
 d - a potion of might
 e - 2 potions of curing {unknown}
 f - 3 potions of mutation {unknown}
 h - a potion of berserk rage {unknown}
 j - a potion of magic {unknown}
 m - a potion of resistance
 o - 2 potions of flight {unknown}
 s - a potion of heal wounds {unknown}
 v - a potion of attraction {unknown}


   Skills:
 + Level 6.1 Fighting
 + Level 7.6 Axes
 + Level 5.7 Armour
 + Level 2.2 Dodging
 + Level 0.9 Stealth
 + Level 4.9 Shields


You had 6 spell levels left.
You didn't know any spells.
Your spell library contained the following spells:

 Spells                   Type           Power      Damage    Failure   Level
 Shock                    Conj/Air       0%         1d3       86%         1
 Swiftness                Air            0%         N/A       99%         3
 Airstrike                Air            0%         2d(0-16)  100%        4


Dungeon Overview and Level Annotations

Branches:
Dungeon (5/15)
 Temple: D:4-7

Altars:
Fedhas
Qazlal
Xom


Innate Abilities, Weirdness & Mutations

You have a pair of horns on your head.
You reflexively headbutt those who attack you in melee.


Message History

You closely miss the hound. You headbutt the hound.
The hound is moderately wounded.
Your attacks no longer feel as feeble.
The hound closely misses you.
You hit the hound.
The hound is severely wounded.
The hound bites you but does no damage. The hound bites you.
You slash the hound!
You kill the hound!
You closely miss the troll. The troll bites you but does no damage.
The troll claws you but does no damage. The troll closely misses you.
The troll bites you! You block the troll's attack. The troll claws you.
You barely miss the troll. The troll bites you but does no damage.
The troll claws you. The troll barely misses you.
You slash the troll!
The troll is lightly wounded.
The troll closely misses you. The troll barely misses you.
The troll closely misses you.
You barely miss the troll. You headbutt the troll!
The troll is moderately wounded.
You block the troll's attack. The troll claws you but does no damage.
The troll claws you.
You barely miss the troll.
The troll is moderately wounded.
The troll closely misses you. The troll claws you.
The troll closely misses you.
You slash the troll! Your headbutt misses the troll.
The troll is severely wounded.
The troll barely misses you. You block the troll's attack. x2
The troll bites you!
* * * LOW HITPOINT WARNING * * *
The troll closely misses you. The troll claws you.
* * * LOW HITPOINT WARNING * * *
You hit the troll. Your headbutt misses the troll.
The troll is severely wounded.
The troll barely misses you. x3
You barely miss the troll.
The troll is severely wounded.
The troll bites you!
You die...

######### # #........
.#
#######....#####^####
.......<............)
........##.##....#
###..#####...@##..
.... ####T# ###
...............
....##..##.#... ..
.### .. ## .# #


You could see a troll.

Vanquished Creatures
  Sigmund (D:4)
  A black bear (D:5)
  An ogre (D:4)
  A phantom (D:3)
  A kobold brigand (D:5)
  2 hounds
  2 gnoll boudas
  2 orc priests (D:3)
  Terence (D:2)
  8 gnolls
  7 adders
  2 river rats (D:3)
  3 worms
  3 dart slugs
  12 orcs
  10 ball pythons
  6 bats
  6 endoplasms
  5 giant cockroaches
  6 goblins
  9 hobgoblins
  5 jackals (D:1)
  3 quokkas
  4 frilled lizards (D:1)
  6 kobolds
  12 rats
119 creatures vanquished.

Notes
Turn   | Place    | Note
-------+----------+-------------------------------------------
     0 | D:1      | GigaChad the Minotaur Fighter began the quest for the Orb.
     0 | D:1      | Reached XP level 1. HP: 19/19 MP: 0/0
    57 | D:1      | Reached XP level 2. HP: 27/27 MP: 1/1
   335 | D:1      | Reached XP level 3. HP: 31/33 MP: 2/2
   361 | D:1      | Reached skill level 3 in Axes
   748 | D:2      | Noticed Terence
   755 | D:2      | Killed Terence
   756 | D:2      | Reached skill level 1 in Dodging
   756 | D:2      | Reached XP level 4. HP: 36/40 MP: 3/3
  1233 | D:2      | Found a faded altar of an unknown god.
  1663 | D:3      | Reached skill level 4 in Axes
  1663 | D:3      | Reached XP level 5. HP: 29/47 MP: 4/4
  1804 | D:3      | Noticed a phantom
  1823 | D:3      | Killed a phantom
  2355 | D:3      | Reached skill level 5 in Axes
  2355 | D:3      | Reached XP level 6. HP: 53/53 MP: 5/5
  2711 | D:3      | Found a shimmering altar of Xom.
  2720 | D:3      | Reached skill level 5 in Fighting
  3208 | D:4      | Found a blossoming altar of Fedhas.
  3210 | D:4      | Found a stormy altar of Qazlal.
  3410 | D:4      | Reached skill level 5 in Armour
  3527 | D:4      | Noticed Sigmund
  3544 | D:4      | Killed Sigmund
  3545 | D:4      | Reached skill level 6 in Axes
  3545 | D:4      | Reached XP level 7. HP: 61/61 MP: 6/6
  3726 | D:4      | Reached skill level 7 in Axes
  4112 | D:5      | Entered Level 5 of the Dungeon
  4122 | D:5      | Noticed a troll
  4146 | D:5      | Slain by a troll

Illustrated notes

Levels and vault maps discovered:
D:1:      scummos_arrival_hexagon, layout_rooms, serial_curves, eino_curves_02,
          eino_curves_02
D:2:      layout_basic, nicolae_ecumenical_lake_church, uniq_terence
D:3:      layout_basic, xom_confusion_cloud, gup_sewer_entry_spiral
D:4:      layout_loops_ring, grunt_temple_overflow_forces_of_nature,
          skrybe_limestone_x, minmay_fractal_squares_diagonal_5, uniq_sigmund
D:5:      layout_basic, temple_fountains, minmay_manual_mess

Skill      XL: |  1  2  3  4  5  6  7 |
---------------+----------------------+-----
Fighting       | 4 5 6 |  6.1
Armour         | 4 5 |  5.7
Axes           | 3 4 5 6 7 |  7.6
Dodging        | 1 2 |  2.2
Shields        | 4 |  4.9
Stealth        | |  0.9

Action                   |  1- 3 |  4- 6 |  7- 9 || total
-------------------------+-------+-------+-------++-------
Melee: War axe           |    69 |   137 |    47 ||   253
       Headbutt          |    10 |    21 |    11 ||    42
  Use: Scroll            |       |     7 |     3 ||    10
Armor: Scale mail        |    23 |    54 |    15 ||    92
Dodge: Dodged            |    42 |    52 |    32 ||   126
Block: Buckler           |    21 |    27 |    15 ||    63
